Map: Eflorescencia EE

Players

Pitfal - Winner!

  • Race: Zerg Zerg
  • League: Gold
  • Spawn Location: 3:00

Jadoro - Winner!

  • Race: Zerg Zerg
  • Spawn Location: 12:00

MrFercho

  • Race: Zerg Zerg
  • League: Gold
  • Spawn Location: 9:00

TATORREA

  • Race: Protoss Protoss
  • League: Gold
  • Spawn Location: 6:00

VOD

Have the link to the VOD?

Description

Time

  • Played on: Aug. 13, 2020, 10:31 p.m.
  • Length: 19:44
Show
View Real Time Build Order
Export as new Build Order

Pitfal Zerg - Winner!

Build Orders: Hatch First 

Get SALT Encoding   

  12  0:02  Drone  
  13  0:12  Overlord  
  13  0:21  Drone  
  14  0:32  Drone  
  14  0:33  Drone  
  14  0:35  Drone  
  17  0:58  Drone  
  17  0:59  Hatchery  
  17  1:03  Drone  
  18  1:22  Drone x2  
  20  1:30  Extractor  
  19  1:35  Spawning Pool  
  19  1:38  Evolution Chamber  
  19  1:39  Drone x2  
  19  1:56  Drone  
  20  2:02  Drone  
  21  2:14  Drone x2  
  23  2:23  Overlord  
  23  2:24  Drone  
  24  2:33  Hatchery, Drone x2  
  25  2:49  Roach Warren  
  24  2:57  Lair  
  24  2:58  Queen  
  24  2:59  Drone  
  24  3:00  Drone  
  24  3:04  Overlord  
  28  3:09  Drone  
  29  3:13  Drone x2  
  29  3:18  Drone x2  
  33  3:28  Drone  
  33  3:29  Drone  
  35  3:36  Zerg Missile Weapons Level 1  
  35  3:37  Drone x2  
  37  3:45  Queen  
  37  3:47  Queen  
  42  3:48  Drone  
  42  4:02  Extractor  
  41  4:05  Drone  
  41  4:06  Drone  
  41  4:07  Roach x3  
  49  4:18  Overlord, Drone  
  49  4:19  Overlord  
  50  4:28  Overlord  
  50  4:36  Queen  
  52  4:46  Spore Crawler  
  52  4:51  Spore Crawler  
  50  4:55  Hydralisk Den  
  50  4:56  Drone x2  
  50  4:57  Drone x6  
  50  4:58  Drone, Infestation Pit  
  57  5:08  Drone x3  
  57  5:11  Spore Crawler  
  51  5:36  Pneumatized Carapace  
  51  5:41  Roach x6  
  63  5:52  Queen x2  
  63  5:56  Roach x2  
  53  5:57  Roach  
  52  6:06  Drone x2  
  52  6:07  Drone x6  
  56  6:16  Drone x2  
  58  6:19  Drone x2  
  58  6:29  Queen x2  
  62  6:32  Drone  
  62  6:33  Drone  
  61  6:41  Drone  
  61  6:46  Drone x2  
  64  6:54  Drone x2  
  66  7:03  Drone  
  66  7:06  Drone  
  68  7:22  Hatchery, Drone  
  68  7:23  Overlord  
  68  7:28  Glial Reconstitution  
  68  7:30  Zerg Missile Weapons Level 2  
  68  7:44  Drone x6  
  70  7:45  Drone  
  75  8:01  Spore Crawler  
  74  8:07  Lurker Den, Drone  
  74  8:08  Drone x2  
  76  8:14  Extractor  
  76  8:16  Drone  
  76  8:18  Extractor  
  75  8:33  Queen x2  
  79  8:34  Drone x3  
  82  8:48  Spore Crawler x2  
  81  8:54  Extractor  
  81  8:55  Drone x2  
  81  8:58  Extractor  
  80  9:06  Drone x2  
  80  9:08  Overlord x4  
  80  9:09  Overlord x5  
  82  9:10  Overlord  
  82  9:26  Hydralisk x3  
  82  9:27  Hydralisk x2  
  82  9:30  Lair  
  92  9:49  Drone x2  
  92  9:50  Drone x4  
  98  10:03  Overseer  
  98  10:04  Overseer x2  
  98  10:07  Queen  
  98  10:09  Drone x7  
  107  10:22  Drone x3  
  107  10:23  Drone x2  
  107  10:25  Hydralisk x4  
  107  10:26  Hydralisk  
  122  10:31  Zerg Ground Armor Level 1  
  122  10:36  Hive  
  122  10:37  Hydralisk  
  122  10:38  Hydralisk x3  
  130  10:59  Hatchery  
  129  11:06  Hydralisk x4  
  129  11:07  Hydralisk x5  
  147  11:12  Muscular Augments  
  147  11:22  Drone x2  
  147  11:25  Drone  
  150  11:26  Overlord x4  
  150  11:35  Hydralisk x2  
  154  11:40  Metabolic Boost  
  154  11:53  Burrow  
  154  12:00  Hydralisk x3  
  154  12:01  Hydralisk x5  
  170  12:12  Queen  
  170  12:13  Queen  
  170  12:14  Queen  
  176  12:24  Grooved Spines  
  176  12:33  Hydralisk x3  
  176  12:34  Hydralisk  
  184  12:38  Overlord x4  
  184  12:49  Extractor  
  184  12:50  Extractor  
  182  12:53  Drone x2  
  182  12:55  Hydralisk x3  
  182  12:56  Hydralisk x5  
  200  13:02  Adaptive Talons  
  156  13:50  Hydralisk x5  
  156  13:51  Hydralisk x6  
  156  13:52  Hydralisk  
  152  13:59  Seismic Spines  
  112  14:08  Hydralisk x3  
  112  14:09  Hydralisk  
  120  14:19  Hydralisk  
  120  14:20  Hydralisk x3  
  128  14:44  Hydralisk x6  
  128  14:45  Hydralisk x7  
  144  14:46  Hydralisk  
  156  15:03  Spore Crawler  
  156  15:06  Spore Crawler x2  
  153  15:08  Hydralisk x4  
  153  15:09  Hydralisk x3  
  167  15:26  Overlord x4  
  167  15:27  Overlord  
  167  15:35  Overseer  
  167  15:36  Overseer x3  
  167  15:54  Hydralisk x2  
  167  15:55  Hydralisk x7  
  167  15:56  Hydralisk x7  
  199  16:05  Zerg Missile Weapons Level 3  
  185  16:28  Hydralisk x4  
  185  16:29  Hydralisk x4  
  159  16:44  Hydralisk x6  
  145  16:57  Hydralisk x4  
  145  16:58  Hydralisk  
  155  17:06  Hatchery  
  154  17:14  Hydralisk x2  
  154  17:15  Hydralisk x3  
  160  17:16  Hydralisk  
  166  17:23  Queen  
  168  17:41  Extractor, Hydralisk x5  
  168  17:42  Hydralisk x3  
  183  17:46  Extractor  
  170  17:56  Hydralisk  
  170  17:57  Hydralisk x4  
  152  17:58  Hydralisk  
  154  18:12  Hydralisk x4  
  140  18:13  Hydralisk  
  140  18:17  Hydralisk  
  140  18:19  Hydralisk  
  124  18:26  Hydralisk x2  
  130  18:28  Hydralisk  
  132  18:45  Hydralisk x5  
  132  18:46  Hydralisk  
  144  18:56  Drone x2, Spore Crawler  
  144  18:57  Hydralisk, Drone, Spore Crawler  
  147  19:02  Overseer  
  147  19:03  Overseer x2  
Show
View Real Time Build Order
Export as new Build Order

Jadoro Zerg - Winner!

Build Orders: Hatch First 

Get SALT Encoding   

  12  0:00  Drone  
  13  0:13  Overlord  
  13  0:18  Drone  
  14  0:38  Drone x3  
  17  0:53  Drone  
  18  1:00  Hatchery  
  17  1:17  Drone x2  
  19  1:27  Drone  
  20  1:37  Overlord  
  20  1:41  Spawning Pool  
  19  1:51  Drone  
  20  1:57  Drone  
  21  2:10  Drone  
  22  2:21  Extractor  
  22  2:22  Drone x2  
  23  2:27  Queen  
  23  2:28  Queen  
  27  2:31  Drone x2  
  29  2:37  Drone x2  
  31  3:01  Drone x4  
  35  3:07  Overlord  
  35  3:09  Drone  
  36  3:17  Extractor  
  35  3:20  Extractor  
  35  3:21  Queen  
  36  3:35  Zergling x4  
  38  3:43  Drone x3  
  38  3:44  Overlord, Drone x3  
  38  3:45  Overlord x2  
  44  3:49  Lair  
  44  4:17  Overlord  
  44  4:19  Drone x7  
  51  4:35  Spawning Pool  
  50  4:45  Extractor  
  49  4:50  Drone x2  
  49  4:51  Drone x2  
  52  5:41  Roach Warren  
  51  5:45  Hydralisk Den  
  50  6:00  Spine Crawler x2  
  50  6:02  Spine Crawler  
  50  6:03  Spine Crawler  
  50  6:04  Spine Crawler x2  
  44  6:23  Roach x12  
  44  6:24  Roach x4  
  76  6:31  Overlord x3  
  75  7:04  Hydralisk x8  
  91  7:16  Drone  
  92  7:25  Glial Reconstitution  
  92  7:40  Muscular Augments  
  92  7:58  Drone  
  92  7:59  Drone x7  
  100  8:26  Overlord x3  
  100  8:27  Overlord  
  100  8:35  Pneumatized Carapace  
  100  8:52  Grooved Spines  
  100  8:55  Hatchery  
  99  9:26  Hydralisk x14  
  99  9:27  Hydralisk x2  
  99  9:28  Overlord x2  
  131  9:40  Evolution Chamber  
  130  10:09  Hydralisk  
  130  10:10  Hydralisk x5  
  142  10:16  Evolution Chamber, Zerg Missile Weapons Level 1  
  141  10:22  Overlord  
  141  10:23  Overlord  
  141  10:28  Overlord x2  
  141  10:47  Extractor  
  140  10:52  Extractor  
  139  10:57  Drone  
  140  11:12  Zerg Ground Armor Level 1  
  140  11:20  Infestation Pit  
  139  11:28  Drone x3  
  142  11:33  Overlord x2  
  142  11:34  Overlord  
  142  11:35  Hydralisk x5  
  142  11:36  Hydralisk x7  
  166  12:00  Hydralisk  
  166  12:01  Hydralisk x9  
  186  12:11  Lurker Den  
  185  12:18  Zerg Missile Weapons Level 2  
  181  13:21  Overlord x2  
  181  13:43  Hatchery  
  180  14:17  Spore Crawler  
  109  15:15  Hydralisk x7  
  109  15:16  Hydralisk x21  
  109  15:17  Hydralisk x3  
  129  15:38  Lurker x8  
  137  15:47  Hydralisk x7  
  151  15:52  Hive  
  93  16:23  Hydralisk x7  
  93  16:24  Hydralisk x7  
  87  17:11  Hydralisk x15  
  117  17:27  Hydralisk x5  
  127  17:43  Hydralisk  
  127  17:44  Hydralisk x6  
  141  17:55  Extractor  
  140  18:12  Queen  
  138  18:59  Hydralisk x4  
  138  19:00  Hydralisk x11  
Show
View Real Time Build Order
Export as new Build Order

MrFercho Zerg 

Build Orders: Hatch First, Lurkers 

Get SALT Encoding   

  12  0:01  Drone  
  13  0:13  Overlord  
  13  0:19  Drone  
  14  0:32  Drone x2  
  16  0:54  Drone  
  16  0:55  Hatchery  
  16  0:58  Drone  
  16  1:01  Drone  
  18  1:11  Extractor  
  17  1:19  Spawning Pool  
  17  1:20  Drone  
  17  1:24  Drone  
  18  1:30  Drone  
  19  1:49  Drone  
  20  1:56  Drone  
  21  2:09  Drone x2  
  21  2:11  Queen  
  21  2:12  Queen  
  21  2:13  Overlord  
  27  2:15  Metabolic Boost  
  27  2:22  Drone  
  28  2:27  Overlord  
  28  2:33  Drone, Evolution Chamber  
  28  2:44  Drone x3  
  31  2:52  Queen  
  33  2:58  Lair  
  33  3:13  Drone x5  
  38  3:22  Drone  
  38  3:23  Drone x3  
  42  3:28  Extractor  
  42  3:29  Extractor  
  42  3:31  Zerg Missile Weapons Level 1  
  42  3:32  Drone  
  42  3:33  Drone  
  42  3:42  Drone x2  
  42  3:43  Overlord x2  
  44  3:58  Overlord x3  
  44  4:32  Drone x2  
  46  4:51  Zergling x2  
  46  4:52  Zergling x14  
  54  4:59  Hatchery  
  53  5:01  Baneling Nest  
  53  5:04  Evolution Chamber, Drone  
  45  5:53  Zergling x18  
  53  6:05  Drone x5  
  53  6:11  Zerg Melee Weapons Level 1, Zerg Missile Weapons Level 2  
  58  6:17  Hydralisk Den  
  57  6:24  Drone x4  
  55  7:00  Muscular Augments  
  52  7:06  Lurker Den  
  51  7:13  Drone x3, Spire  
  53  7:19  Spore Crawler  
  53  7:22  Spine Crawler  
  51  7:23  Spine Crawler  
  51  7:24  Spine Crawler  
  51  7:25  Drone x3  
  51  7:26  Drone x10  
  62  7:31  Hydralisk  
  62  7:32  Hydralisk x3  
  62  7:34  Overlord  
  62  7:35  Overlord  
  62  7:36  Zergling x4  
  72  7:47  Queen  
  72  7:50  Extractor  
  73  8:03  Baneling Nest  
  73  8:04  Drone x3  
  75  8:08  Baneling, Extractor  
  75  8:11  Grooved Spines  
  74  8:15  Extractor  
  74  8:19  Drone x3  
  76  8:20  Drone  
  76  8:21  Overlord x2, Drone x2  
  76  8:22  Overlord x2  
  76  8:26  Lurker x2  
  76  8:27  Lurker  
  82  8:30  Lurker  
  83  8:44  Pneumatized Carapace  
  83  8:57  Hydralisk  
  83  8:58  Hydralisk x4  
  93  9:06  Zerg Ground Armor Level 1  
  93  9:24  Hatchery x2  
  93  9:25  Centrifical Hooks  
  93  9:27  Zergling x2  
  93  9:28  Zergling x34  
  109  9:31  Overlord  
  108  9:58  Overlord x2  
  108  9:59  Overlord  
  108  10:18  Infestation Pit  
  107  10:24  Overseer  
  107  10:25  Overseer x2  
  107  10:40  Hydralisk x12  
  107  10:41  Hydralisk x9  
  149  10:47  Overlord x3  
  149  10:56  Burrow  
  149  11:00  Queen  
  149  11:04  Hive  
  151  11:06  Zerg Ground Armor Level 2  
  151  11:20  Mutalisk  
  151  11:21  Mutalisk  
  155  11:31  Spore Crawler  
  154  11:38  Spore Crawler  
  153  11:46  Mutalisk x2  
  153  11:47  Mutalisk x3  
  163  11:59  Overlord  
  163  12:00  Overlord x2  
  163  12:01  Mutalisk x2  
  167  12:23  Greater Spire  
  167  12:27  Seismic Spines  
  167  12:45  Hatchery  
  166  12:56  Hatchery  
  159  13:24  Adaptive Talons, Mutalisk  
  159  13:25  Mutalisk x8  
  116  14:23  Hydralisk x5  
  116  14:24  Hydralisk x15  
  118  14:27  Zergling x2  
  118  14:28  Zergling x42  
  118  14:29  Zergling x44  
  158  15:22  Hydralisk x12  
  158  15:23  Hydralisk x7  
  195  15:42  Drone x4  
  199  16:01  Extractor  
  198  16:05  Extractor  
  82  16:41  Hydralisk x11  
  82  16:42  Hydralisk x11  
  82  16:44  Overlord  
  82  16:45  Overlord x2  
  110  17:00  Drone x3  
  114  17:01  Drone x3  
  116  17:11  Corruptor x2  
  120  17:21  Corruptor  
  122  17:27  Zergling x12  
  122  17:28  Zergling x28  
  142  17:30  Overseer  
  142  17:33  Hatchery  
  141  17:47  Spore Crawler  
  140  17:52  Spine Crawler  
  140  17:54  Spine Crawler  
  130  18:13  Brood Lord x2  
  127  18:29  Zergling x16  
  127  18:30  Zergling x34  
  136  19:13  Hatchery  
  101  19:20  Zergling x20  
  81  19:24  Overseer  
Show
View Real Time Build Order
Export as new Build Order

TATORREA Protoss 

Build Orders:  

Get SALT Encoding   

  12  0:02  Probe  
  13  0:14  Probe  
  14  0:23  Pylon  
  14  0:31  Probe  
  15  0:43  Probe  
  16  0:53  Gateway  
  16  0:54  Gateway  
  16  0:56  Probe  
  17  1:08  Probe  
  17  1:11  Assimilator  
  18  1:20  Probe  
  19  1:33  Probe  
  20  1:43  Assimilator  
  20  1:46  Pylon  
  20  1:50  Pylon  
  20  1:55  Probe  
  21  2:02  Cybernetics Core  
  21  2:07  Probe (Chrono Boost)  
  22  2:11  Pylon  
  21  2:18  Probe (Chrono Boost)  
  21  2:22  Probe (Chrono Boost)  
  23  2:38  Warp Gate  
  23  2:40  Adept  
  23  2:41  Adept  
  27  2:55  Twilight Council  
  27  3:10  Adept  
  27  3:11  Adept  
  31  3:25  Nexus  
  31  3:26  Pylon  
  31  3:30  Pylon  
  31  3:40  Adept  
  31  3:41  Resonating Glaives (Chrono Boost)  
  33  3:42  Adept  
  35  3:53  Probe  
  36  4:05  Probe  
  37  4:17  Probe  
  38  4:29  Adept x2, Probe  
  43  4:39  Robotics Facility  
  43  4:40  Probe  
  43  4:41  Probe  
  45  4:53  Probe  
  45  4:58  Probe  
  47  5:05  Probe  
  48  5:07  Stargate  
  48  5:11  Probe  
  49  5:17  Probe  
  42  6:37  Stalker x2  
  42  6:38  Immortal (Chrono Boost), Probe  
  42  6:39  Probe  
  44  6:51  Probe x2  
  46  7:03  Probe  
  46  7:05  Assimilator  
  46  7:07  Immortal (Chrono Boost)  
  46  7:08  Nexus  
  47  7:10  Assimilator, Pylon  
  47  7:11  Void Ray (Chrono Boost), Pylon  
  55  7:24  Gateway  
  55  7:27  Gateway  
  55  7:31  Gateway  
  55  7:35  Probe  
  55  7:37  Immortal (Chrono Boost)  
  56  7:38  Void Ray (Chrono Boost)  
  64  8:02  Stalker x2  
  64  8:04  Immortal (Chrono Boost)  
  68  8:10  Void Ray (Chrono Boost)  
  76  8:20  Fleet Beacon  
  76  8:24  Probe x3  
  79  8:28  Immortal  
  79  8:36  Probe x3  
  79  8:41  Forge x2  
  86  8:43  Void Ray (Chrono Boost)  
  86  8:45  Pylon  
  86  8:48  Probe x3  
  91  8:50  Pylon  
  93  9:00  Probe x2  
  93  9:01  Probe  
  96  9:06  Charge  
  96  9:07  Void Ray, Observer  
  97  9:12  Probe x2  
  97  9:14  Probe  
  97  9:16  Unknown  
  104  9:21  Assimilator  
  104  9:24  Probe x2  
  104  9:25  Assimilator  
  104  9:26  Probe  
  107  9:36  Probe  
  107  9:37  Probe  
  107  9:38  Probe  
  110  9:42  Immortal  
  114  9:48  Void Ray, Probe  
  114  9:49  Probe  
  114  9:50  Probe  
  121  10:03  Protoss Ground Weapons Level 1 (Chrono Boost)  
  121  10:04  Protoss Shields Level 1 (Chrono Boost)  
  121  10:08  Nexus  
  121  10:10  Pylon  
  121  10:12  Pylon  
  121  10:30  Probe x3  
  124  10:40  Immortal  
  124  10:42  Probe x2  
  129  10:43  Probe  
  131  10:54  Probe  
  131  10:55  Probe x2  
  134  11:03  Void Ray  
  138  11:13  Zealot  
  138  11:15  Protoss Air Weapons Level 1 (Chrono Boost)  
  140  11:20  Immortal  
  140  11:24  Pylon  
  144  11:31  Pylon  
  144  11:32  Pylon  
  144  11:33  Pylon, Probe x4  
  144  11:38  Pylon  
  148  11:40  Pylon  
  148  11:43  Pylon  
  148  11:44  Pylon  
  148  11:46  Blink  
  148  11:47  Pylon  
  148  11:48  Protoss Shields Level 2 (Chrono Boost), Protoss Ground Weapons Level 2 (Chrono Boost)  
  148  11:51  Void Ray  
  152  11:56  Pylon  
  152  12:01  Templar Archives  
  152  12:04  Immortal  
  156  12:10  Assimilator  
  156  12:24  Assimilator  
  156  12:26  Gateway  
  156  12:28  Gateway  
  156  12:29  Probe x4  
  160  12:30  Gateway  
  160  12:34  Gateway  
  160  12:39  Gateway  
  160  12:40  Psionic Storm  
  160  12:42  Gateway  
  160  12:44  Gateway  
  160  12:45  High Templar x4  
  160  12:46  High Templar  
  160  12:50  Gateway, Immortal  
  174  12:53  Gateway  
  174  12:57  Gateway  
  174  13:17  Protoss Air Weapons Level 2  
  174  13:26  Archon x2  
  127  13:48  Zealot x2  
  116  13:49  Zealot x3  
  116  13:50  Zealot x3  
  116  13:51  Zealot x3  
  116  13:52  Zealot  
  116  13:53  Zealot  
  124  14:11  Zealot x4  
  124  14:12  Zealot x5  
  124  14:13  Zealot x3  
  124  14:14  Zealot x3  
  154  14:27  Nexus  
  154  14:30  Pylon  
  154  14:32  Pylon  
  154  14:45  High Templar x3  
  138  14:46  High Templar x4  
  138  14:47  High Templar x4  
  138  14:48  High Templar x4  
  138  14:50  Archon x2  
  138  14:51  Archon x3  
  138  14:52  Archon x2  
  134  14:56  Gateway  
  134  15:00  Gateway  
  134  15:01  Gateway  
  130  15:07  Gateway x2  
  126  15:29  High Templar x4  
  126  15:30  High Templar  
  126  15:33  Stalker x2  
  126  15:34  Stalker  
  126  15:35  Zealot x3  
  144  15:36  Zealot x2  
  144  15:37  Zealot x2  
  144  15:39  Archon x2  
  144  15:40  Protoss Ground Weapons Level 3 (Chrono Boost)  
  156  15:51  Assimilator  
  156  15:53  Assimilator  
  72  16:27  Zealot x3  
  72  16:28  Zealot x4  
  72  16:29  Zealot x4  
  72  16:30  Zealot x4  
  72  16:31  Zealot x5  
  102  16:36  Observer  
  103  17:01  Zealot  
  103  17:02  Zealot x5  
  103  17:03  Zealot x3  
  121  17:27  Nexus  
  121  17:32  Pylon  
  121  17:34  Pylon  
  121  17:36  Zealot x4  
  129  17:37  Zealot x3  
  129  17:39  Zealot  
  71  18:00  Zealot x3  
  71  18:01  Zealot x3  
  71  18:02  Zealot x2  
  75  18:15  Zealot x2  
  75  18:16  High Templar x2, Zealot  
  75  18:17  High Templar  
  83  18:20  Archon  
  83  18:34  High Templar x5  
  87  18:35  High Templar x3  
  87  18:40  Pylon  
  99  18:43  Pylon  
  99  18:44  Archon x3  
  99  18:45  Archon  
  99  18:52  Zealot x2  
  99  18:53  Zealot x3  
  109  19:06  Zealot x2  
  109  19:07  Zealot x3  
Tags
 
Add a new tag
Caveats
  • Supply blocks, unpowered buildings, or Contaminate may cause inaccurate times.
  • Supply counts are checked every 10 seconds.